Map: Triton LE

Players

Harstem

  • Race: Protoss Protoss
  • League: Grandmaster
  • Spawn Location: 11:00

Neeblet (Neeb) - Winner!

  • Race: Protoss Protoss
  • League: Master
  • Spawn Location: 5:00

Event: NationWars 2019

VOD

Have the link to the VOD?

Description

Time

  • Played on: Nov. 16, 2019, 4:15 p.m.
  • Length: 8:44
Show
View Real Time Build Order
Export as new Build Order

Harstem Protoss 

Build Orders:  

Get SALT Encoding   

  12  0:00  Probe  
  13  0:12  Probe  
  14  0:17  Pylon  
  14  0:25  Probe (Chrono Boost)  
  15  0:37  Probe (Chrono Boost)  
  15  0:39  Gateway  
  16  0:44  Probe (Chrono Boost)  
  16  0:46  Assimilator  
  17  0:51  Probe  
  17  0:55  Assimilator  
  18  1:03  Probe (Chrono Boost)  
  19  1:07  Gateway  
  19  1:13  Probe (Chrono Boost)  
  19  1:17  Probe (Chrono Boost)  
  21  1:26  Cybernetics Core  
  21  1:29  Probe  
  22  1:34  Pylon  
  22  1:41  Probe  
  23  1:53  Probe  
  24  2:02  Warp Gate (Chrono Boost)  
  24  2:04  Stalker  
  24  2:06  Probe  
  27  2:08  Pylon  
  27  2:13  Sentry  
  29  2:18  Probe  
  30  2:24  Pylon  
  30  2:39  Sentry  
  32  2:46  Nexus  
  32  2:47  Robotics Facility  
  32  2:51  Probe  
  33  2:58  Stalker  
  35  3:03  Probe  
  36  3:07  Pylon  
  36  3:15  Probe  
  36  3:17  Sentry  
  39  3:27  Probe  
  39  3:34  Warp Prism (Chrono Boost)  
  40  3:39  Probe  
  43  3:46  Adept  
  43  3:47  Pylon  
  45  3:51  Adept  
  47  3:58  Probe  
  48  4:10  Immortal (Chrono Boost)  
  48  4:11  Probe  
  51  4:20  Probe  
  51  4:23  Probe  
  53  4:29  Twilight Council  
  53  4:32  Probe  
  54  4:39  Probe, Immortal (Chrono Boost)  
  54  4:44  Probe  
  60  4:55  Gateway  
  60  4:56  Gateway  
  62  5:00  Resonating Glaives (Chrono Boost)  
  62  5:02  Gateway  
  60  5:10  Gateway  
  60  5:12  Adept, Sentry  
  64  5:20  Gateway  
  64  5:27  Probe  
  63  5:34  Adept  
  63  5:35  Probe  
  57  5:42  Adept  
  51  5:50  Adept x2  
  51  5:51  Probe  
  51  5:54  Adept  
  52  6:00  Adept  
  41  6:11  Adept  
  33  6:21  Probe (Chrono Boost)  
  33  6:31  Probe (Chrono Boost)  
  32  6:36  Probe (Chrono Boost)  
  32  6:37  Probe (Chrono Boost)  
  33  6:45  Adept  
  33  6:46  Probe  
  33  6:47  Probe  
  34  6:58  Probe  
  34  6:59  Probe  
  36  7:10  Probe (Chrono Boost)  
  38  7:17  Probe (Chrono Boost)  
  38  7:20  Probe (Chrono Boost)  
  39  7:24  Probe (Chrono Boost)  
  39  7:25  Probe (Chrono Boost)  
Show
View Real Time Build Order
Export as new Build Order

Neeblet Protoss - Winner!

Build Orders:  

Get SALT Encoding   

  12  0:00  Probe  
  13  0:12  Probe  
  14  0:16  Pylon  
  14  0:25  Probe (Chrono Boost)  
  15  0:36  Gateway  
  15  0:37  Probe (Chrono Boost)  
  16  0:44  Probe (Chrono Boost)  
  16  0:45  Assimilator  
  17  0:51  Probe  
  17  0:54  Assimilator  
  18  1:03  Probe (Chrono Boost)  
  19  1:06  Gateway  
  19  1:13  Probe (Chrono Boost)  
  19  1:18  Probe (Chrono Boost)  
  20  1:25  Cybernetics Core  
  21  1:29  Probe  
  22  1:34  Pylon  
  22  1:41  Probe  
  23  1:53  Probe  
  24  1:59  Warp Gate (Chrono Boost)  
  24  2:01  Stalker x2  
  26  2:06  Probe  
  29  2:12  Pylon  
  29  2:31  Sentry  
  29  2:32  Sentry  
  33  2:43  Nexus  
  33  2:51  Robotics Facility  
  33  2:58  Shield Battery  
  32  3:00  Probe  
  33  3:12  Probe  
  34  3:18  Pylon  
  34  3:24  Probe (Chrono Boost)  
  35  3:27  Forge  
  35  3:36  Probe (Chrono Boost)  
  35  3:37  Pylon  
  35  3:39  Observer  
  37  3:43  Probe (Chrono Boost)  
  38  3:51  Probe  
  38  3:54  Probe  
  40  3:56  Adept x2  
  44  4:03  Probe  
  44  4:09  Warp Prism (Chrono Boost)  
  45  4:14  Probe  
  45  4:16  Probe  
  47  4:22  Protoss Ground Weapons Level 1  
  47  4:26  Probe (Chrono Boost), Sentry  
  49  4:33  Probe (Chrono Boost)  
  49  4:37  Pylon  
  49  4:38  Probe (Chrono Boost)  
  50  4:42  Probe (Chrono Boost)  
  50  4:43  Probe (Chrono Boost)  
  50  4:45  Immortal (Chrono Boost)  
  56  4:48  Assimilator  
  56  4:51  Assimilator  
  56  4:55  Probe x2  
  58  5:02  Twilight Council  
  58  5:05  Pylon  
  58  5:08  Adept  
  58  5:09  Adept  
  62  5:17  Shield Battery  
  62  5:18  Shield Battery  
  62  5:23  Immortal (Chrono Boost)  
  64  5:33  Sentry  
  64  5:34  Stalker  
  56  5:46  Gateway  
  56  5:48  Gateway  
  46  5:59  Stalker  
  46  6:00  Stalker  
  49  6:12  Probe  
  49  6:13  Probe  
  46  6:24  Probe  
  45  6:27  Probe, Sentry  
  48  6:32  Resonating Glaives  
  48  6:37  Probe, Immortal (Chrono Boost)  
  49  6:41  Probe  
  54  6:49  Probe  
  54  6:53  Probe, Zealot x2  
  60  7:01  Probe  
  59  7:05  Probe  
  60  7:13  Probe  
  60  7:15  Gateway  
  61  7:17  Probe, Gateway  
Tags
 
Add a new tag
Caveats
  • Supply blocks, unpowered buildings, or Contaminate may cause inaccurate times.
  • Supply counts are checked every 10 seconds.